 Dungeon Crawl Stone Soup version 0.19.0-16-g73b5abf (webtiles) character file.

14746 Millan the Cleaver (level 12, -6/74 HPs)
             Began as a Gargoyle Fighter on Nov 10, 2016.
             Was a Believer of Ashenzari.
             Killed by Ozocubu's Refrigeration
             ... invoked by Fannar
              (31 damage)
             ... on level 10 of the Dungeon.
             The game lasted 00:38:26 (15074 turns).

Millan the Cleaver (Gargoyle Fighter)              Turns: 15074, Time: 00:38:27

Health: -6/74      AC: 25    Str: 23    XL:     12   Next: 19%
Magic:  12/12      EV:  7    Int:  7    God:    Ashenzari [**....]
Gold:   707        SH: 17    Dex:  9    Spells: 0 memorised, 11 levels left

rFire  + . .     SeeInvis .     a - +0 war axe
rCold  x . .     Gourm    .     i - +0 plate armour (curse)
rNeg   + . .     Faith    +     c - +0 shield (curse)
rPois  ∞         Spirit   .     N - +0 helmet (curse)
rElec  +         Reflect  .     (no cloak)
rCorr  .         Harm     .     q - +0 pair of gloves (curse)
MR     .....                    l - +0 pair of boots
Stlth  ..........               t - amulet of faith
                                F - ring of fire
                                H - ring of wizardry

@: no status effects
A: talons 1, iridescent scales 1, large bone plates 1, deformed body, dopey 1,
negative energy resistance 1, electricity resistance, weak 1, wild magic 1,
unbreathing, petrification resistance, rot immunity, AC +8
a: Curse Item, Scrying, Renounce Religion


You were on level 10 of the Dungeon.
You worshipped Ashenzari.
Ashenzari was pleased with you.
You were not hungry.

You visited 2 branches of the dungeon, and saw 12 of its levels.

You collected 707 gold pieces.

Inventory:

Hand Weapons
 a - a +0 war axe (weapon)
 W - a +0 battleaxe of chopping
Armour
 c - a cursed +0 shield (worn)
 i - a cursed +0 plate armour (worn)
 l - a +0 pair of boots (worn)
 q - a cursed +0 pair of gloves (worn)
 y - a +0 cloak (quivered)
 K - a +0 large shield
 N - a cursed +0 helmet (worn)
Jewellery
 t - an amulet of faith (around neck)
 w - a cursed amulet of the gourmand
 C - an uncursed ring of flight
 F - a ring of fire (right hand)
 H - a ring of wizardry (left hand)
Wands
 E - a wand of flame (12/48)
 P - a wand of paralysis (10/24)
 V - a wand of disintegration (3/24)
Scrolls
 d - a scroll of blinking {unknown}
 e - 2 scrolls of noise {unknown}
 h - 16 scrolls of identify {unknown}
 o - 4 scrolls of amnesia {unknown}
 p - 6 scrolls of teleportation {unknown}
 v - 5 scrolls of enchant weapon {unknown}
 x - 3 scrolls of fog {unknown}
 B - 2 scrolls of recharging {unknown}
 L - 2 scrolls of vulnerability {unknown}
 M - a scroll of immolation {unknown}
 O - 2 scrolls of magic mapping {unknown}
 R - a scroll of fear {unknown}
 S - 2 scrolls of remove curse
Potions
 b - a potion of beneficial mutation {unknown}
 g - a potion of berserk rage {unknown}
 j - a potion of ambrosia {unknown}
 k - a potion of flight {unknown}
 m - 2 potions of agility {unknown}
 r - a potion of curing
 s - a potion of cancellation {unknown}
 z - 3 potions of haste {unknown}
 D - 2 potions of resistance {unknown}
 J - a potion of brilliance {unknown}
 Q - a potion of invisibility {unknown}
Books
 U - a book of Changes

   Spells                             Type                      Level
   a - Beastly Appendage              Transmutation                1
   b - Sticks to Snakes               Transmutation                2
   c - Spider Form                    Transmutation/Poison         3
   d - Ice Form                       Ice/Transmutation            4
   e - Blade Hands                    Transmutation                5
Comestibles
 f - 12 bread rations
 n - 12 fruits
 u - 5 meat rations
 A - 2 royal jellies
 G - 3 slices of pizza
 I - 3 beef jerkies
 T - 3 chunks of flesh


   Skills:
 + Level 8.2 Fighting
 * Level 12.0 Axes
 + Level 8.6(10.8) Armour
 - Level 1.0 Dodging
 - Level 0.5 Stealth
 * Level 11.7(12.9) Shields


You had 11 spell levels left.
You didn't know any spells.

Dungeon Overview and Level Annotations

Branches:
Dungeon (11/15)            Temple (1/1) D:7            Lair (0/6) D:9
    Orc: D:9-12

Altars:
Ashenzari
Cheibriados
Dithmenos
Elyvilon
Fedhas
Gozag
Hepliaklqana
Kikubaaqudgha
Makhleb
Nemelex Xobeh
Okawaru
Qazlal
Ru
Sif Muna
Trog
Uskayaw
Vehumet
Xom
Yredelemnul
Zin
The Shining One

Shops:
D:7 ?   D:9 (   D:10 [

Annotations:
D:8 exclusion: ice statue
D:10 Fannar


Innate Abilities, Weirdness & Mutations

You are resistant to torment.
Your stone body is resilient. (AC +8)
You are immune to poison.
You resist negative energy. (rN+)
You are resistant to electric shocks. (rElec)
You can survive without breathing.
You are immune to petrification.
You are immune to rotting.
You have sharp toenails.
You are partially covered in iridescent scales. (AC +2)
You are partially covered in large bone plates. (SH +4)
Armour fits poorly on your strangely shaped body.
You are dopey. (Int -2)
You are weak. (Str -2)
Your spells are a little harder to cast, but a little more powerful.


Message History

That item cannot be evoked!
You don't know any spells.
Evoke which item? (* to show all) (? for menu, Esc to quit)
Zapping:
P - a wand of paralysis (will waste charges)
Press: ? - help, Shift-Dir - straight line, f - Fannar
Aim: Fannar, wielding a quarterstaff of freezing, wearing a robe of cold resistance and wearing a ring of ice (lightly wounded, covered in an icy film, chance to defeat MR: 6%)
Okay, then.
That item cannot be evoked!
Evoke which item? (* to show all) (? for menu, Esc to quit)
Zapping:
E - a wand of flame {zapped: 13} (will waste charges)
Press: ? - help, Shift-Dir - straight line, f - Fannar
Aim: Fannar, wielding a quarterstaff of freezing, wearing a robe of cold resistance and wearing a ring of ice (lightly wounded, covered in an icy film)
The puff of flame misses Fannar.
Evoking this partially-identified wand wasted a few charges.
You block Fannar's attack.
You feel better.
Fannar mumbles some strange words.
Fannar drains the heat from the surrounding environment!
You feel a terrible chill!
You feel very cold.
You die...

#.##.#.#....#.# #.##<#.#.##.#.#
#.##.#.#.##.#.# #.##.#.#.##.#.#
#.##.#.#.##'#.# ########
#.##.#.#.)....# #......#
#.##.#.#......# #......#
#.##.#.##.....####......########
#.##.#..[.....#@e...............
##.##........#.#††........(......
#............#.#.################
###########....#.# #..###.#
#.[#<#.# #..#.#.#
#..#.#.######### #....#......)..#


You could see Fannar.

Vanquished Creatures
  The ghost of Andry07 the Fighter, a novice GrFi (D:10)
  The ghost of ErikD the Cleaver, a novice HOBe of Trog (D:7)
  Pikel (D:7)
  3 hill giants
  Joseph (D:7)
  A gargoyle (D:10)
  A komodo dragon (D:10)
  2 trolls
  2 hippogriffs
  16 yaks
  3 hogs (D:7)
  Grum (D:9)
  A human (D:7)
  3 wargs (D:9)
  A water moccasin (D:8)
  Duvessa (D:4)
  5 orc warriors
  5 sky beasts
  3 ice beasts
  4 black bears
  A phantom (D:5)
  5 ogres
  2 wolves (D:9)
  4 centaurs
  3 big kobolds
  9 bullfrogs
  A scorpion (D:8)
  A wyvern skeleton (D:10)
  Dowan (D:4)
  23 killer bees
  6 electric eels (D:10)
  4 howler monkeys
  7 crimson imps
  4 jellies
  2 quasits
  7 hounds
  7 orc priests
  2 bullfrog skeletons
  2 centaur skeletons
  10 orc wizards
  3 iguanas
  11 worker ants
  2 hound skeletons
  11 gnolls
  14 adders
  2 shadow imps
  4 oozes
  An adder skeleton (D:4)
  2 adder zombies
  3 worms
  4 dart slugs
  7 leopard geckos
  59 orcs
  4 giant cockroaches
  9 goblins
  8 hobgoblins
  7 jackals
  7 quokkas
  4 ball pythons
  8 bats
  3 frilled lizards
  19 kobolds
  3 leopard gecko skeletons
  10 rats
362 creatures vanquished.

Vanquished Creatures (others)
  A bullfrog (D:7)
  A shadow imp (D:10)
  A leopard gecko (D:7)
  2 kobolds
5 creatures vanquished.

Grand Total: 367 creatures vanquished

Notes
Turn   | Place    | Note
-------+----------+-------------------------------------------
     0 | D:1      | Millan the Gargoyle Fighter began the quest for the Orb.
     0 | D:1      | Reached XP level 1. HP: 14/14 MP: 1/1
   408 | D:1      | Reached skill level 2 in Axes
   408 | D:1      | Reached XP level 2. HP: 19/19 MP: 2/2
   629 | D:1      | Reached XP level 3. HP: 23/23 MP: 3/3
  1283 | D:2      | Reached XP level 4. HP: 22/29 MP: 4/4
  2140 | D:3      | Reached XP level 5. HP: 31/33 MP: 5/5
  2195 | D:3      | Reached skill level 3 in Axes
  2243 | D:3      | Found a faded altar of an unknown god.
  2847 | D:4      | Found a radiant altar of Vehumet.
  3073 | D:4      | Reached XP level 6. HP: 34/38 MP: 6/6
  3428 | D:4      | Noticed Dowan
  3437 | D:4      | Killed Dowan
  3439 | D:4      | Noticed Duvessa
  3462 | D:4      | Killed Duvessa
  3462 | D:4      | Reached skill level 4 in Axes
  3462 | D:4      | Reached skill level 5 in Armour
  3499 | D:4      | Reached skill level 5 in Shields
  3499 | D:4      | Reached XP level 7. HP: 20/44 MP: 7/7
  4507 | D:4      | Reached skill level 5 in Axes
  4524 | D:5      | Entered Level 5 of the Dungeon
  4559 | D:5      | Reached XP level 8. HP: 47/48 MP: 8/8
  4598 | D:5      | Reached skill level 5 in Fighting
  4747 | D:5      | Found a sacrificial altar of Ru.
  5366 | D:6      | Reached skill level 6 in Axes
  5732 | D:6      | Reached skill level 7 in Axes
  5732 | D:6      | Reached XP level 9. HP: 47/54 MP: 9/9
  5898 | D:7      | Found Jaistrix's Magic Scroll Emporium.
  5944 | D:7      | Found a hide-covered altar of Uskayaw.
  5975 | D:7      | Noticed a hill giant
  5986 | D:7      | Killed a hill giant
  6374 | D:7      | Reached skill level 8 in Axes
  6762 | D:7      | Found an opulent altar of Gozag.
  6828 | D:7      | Found a staircase to the Ecumenical Temple.
  6860 | Temple   | Entered the Ecumenical Temple
  6869 | Temple   | Became a worshipper of Ashenzari the Shackled
  7110 | D:7      | Found a deep blue altar of Sif Muna.
  7177 | D:7      | Noticed Pikel
  7207 | D:7      | Killed Pikel
  7207 | D:7      | Reached XP level 10. HP: 59/61 MP: 10/10
  7277 | D:7      | Noticed ErikD's ghost (novice HOBe)
  7507 | D:7      | Killed ErikD's ghost
  7507 | D:7      | Reached skill level 1 in Dodging
  7601 | D:7      | Gained mutation: You are partially covered in large bone plates. (SH +4) [mutagenic meat]
  7603 | D:7      | Gained mutation: Armour fits poorly on your strangely shaped body. [mutagenic meat]
  7604 | D:7      | Gained mutation: You have sharp toenails. [mutagenic meat]
  7606 | D:7      | Gained mutation: You are weak. (Str -2) [mutagenic meat]
  7607 | D:7      | Gained mutation: You are partially covered in iridescent scales. (AC +2) [mutagenic meat]
  7645 | D:7      | Found a burning altar of Makhleb.
  7655 | D:7      | Noticed Joseph
  7665 | D:7      | Killed Joseph
  7665 | D:7      | Reached skill level 9 in Axes
  7851 | D:7      | Gained mutation: Your spells are a little harder to cast, but a little more powerful. [mutagenic meat]
  7854 | D:7      | Gained mutation: You are dopey. (Int -2) [mutagenic meat]
  8400 | D:8      | Found a faded altar of an unknown god.
  8400 | D:8      | Found a faded altar of an unknown god.
  8405 | D:8      | Found a faded altar of an unknown god.
  8407 | D:8      | Found a faded altar of an unknown god.
  8409 | D:8      | Found a blossoming altar of Fedhas.
  8459 | D:8      | Noticed an ice statue
  8537 | D:8      | HP: 1/61 [orc warrior/trident (13)]
  8560 | D:9      | Reached * piety under Ashenzari
  8729 | D:9      | Noticed Grum
  8844 | D:8      | Reached skill level 10 in Axes
  9116 | D:8      | Found a glowing golden altar of the Shining One.
  9300 | D:9      | Reached XP level 11. HP: 63/67 MP: 11/11
  9429 | D:9      | Reached skill level 10 in Shields
  9631 | D:9      | Found a hazy altar of Hepliaklqana.
  9994 | D:9      | Killed Grum
 10077 | D:9      | Found a deep blue altar of Sif Muna.
 10452 | D:9      | Found a staircase to the Lair.
 10582 | D:9      | Found Lolaub's Antique Weapon Boutique.
 10766 | D:9      | Reached ** piety under Ashenzari
 10805 | D:10     | Entered Level 10 of the Dungeon
 11292 | D:10     | Found Laar's Antique Armour Shoppe.
 11474 | D:10     | Found a runed door.
 11770 | D:10     | Noticed Andry07's ghost (novice GrFi)
 11797 | D:10     | Killed Andry07's ghost
 11797 | D:10     | Reached skill level 11 in Axes
 11991 | D:10     | Noticed a hill giant
 12012 | D:10     | Killed a hill giant
 13221 | D:10     | Noticed a hill giant
 13238 | D:10     | Killed a hill giant
 13817 | D:10     | Reached XP level 12. HP: 65/73 MP: 12/12
 14707 | D:11     | Noticed Fannar
 15064 | D:11     | Reached skill level 12 in Axes
 15074 | D:10     | Killed from afar by Fannar

Skill      XL: |  1  2  3  4  5  6  7  8  9 10 11 12 |
---------------+-------------------------------------+-----
Axes           | 2 3 4 5 7 8 10 11 12 | 12.0
Armour         | 4 5 6 7 8 |  8.6
Shields        | 4 5 6 8 9 11 | 11.7
Fighting       | 4 5 6 7 8 |  8.2
Dodging        | 1 |  1.0
Stealth        | |  0.5

Action                   |  1- 3 |  4- 6 |  7- 9 | 10-12 || total
-------------------------+-------+-------+-------+-------++-------
Melee: War axe           |   128 |   237 |   468 |   975 ||  1808
Invok: Curse Item        |       |       |     3 |       ||     3
Evoke: Wand              |       |       |       |     6 ||     6
  Use: Potion            |       |     2 |     1 |     8 ||    11
  Eat: Chunk             |     1 |     3 |    10 |    23 ||    37
       Meat ration       |       |     1 |       |     1 ||     2
       Beef jerky        |       |       |     1 |     1 ||     2
       Fruit             |       |       |     1 |       ||     1
       Pizza             |       |       |       |     6 ||     6
Armor: Plate armour      |   109 |   184 |   348 |   557 ||  1198
       Scale mail        |     2 |       |       |       ||     2
Dodge: Dodged            |    20 |    37 |   108 |   223 ||   388
Block: Shield            |    90 |   154 |   313 |   855 ||  1412
